 Dungeon Crawl Stone Soup version 0.31-a0-102-g33a4ccc0cb (webtiles) character file.

Game seed: 3259945323618947413

1139 Jeffwins the Shooter (level 8, 0/42 HPs)
             Began as a Vine Stalker Wanderer on May 26, 2023.
             Killed from afar by Dowan (11 damage)
             ... with a stone arrow
             ... on level 5 of the Dungeon.
             The game lasted 00:09:15 (3606 turns).

Jeffwins the Shooter (Vine Stalker Wanderer)        Turns: 3606, Time: 00:09:16

Health: 0/42       AC:  3    Str: 17    XL:     8   Next: 37%
Magic:  0/9        EV: 11    Int: 12    God:
Gold:   213        SH:  0    Dex: 14    Spells: 7/7 levels left

rFire   . . .        a - +2 sling
rCold   . . .        (no shield)
rNeg    . . .        e - +0 leather armour
rPois   .            (no helmet)
rElec   .            (no cloak)
rCorr   .            (no gloves)
SInv    .            (no boots)
Will    +....        (no amulet)
Stlth   +++          (no ring)
HPRegen 1.07/turn    (no ring)
MPRegen 0.11/turn

%: guardian spirit
@: no status effects
A: fangs 3, regeneration 1, magic shield, antimagic bite, no potion heal 2
a: no special abilities


You were on level 5 of the Dungeon.
You visited 1 branch of the dungeon, and saw 5 of its levels.
You also visited: Sewer.

You collected 213 gold pieces.


Innate Abilities, Weirdness & Mutations

You have razor-sharp teeth.
Your natural rate of healing is unusually fast.
When hurt, damage is shared between your health and your magic reserves.
Your bite disrupts and absorbs the magic of your enemies.
Potions cannot restore your health.


   Skills:
 + Level 3.8 Fighting
 - Level 1.0 Short Blades
 * Level 5.5 Ranged Weapons
 + Level 2.4 Throwing
 - Level 1.5 Armour
 - Level 1.0 Dodging
 + Level 5.0 Stealth
 + Level 4.5 Evocations


You had 7 spell levels left.
You didn't know any spells.
Your spell library contained the following spells:

 Spells                   Type           Power      Damage    Failure   Level
 Beastly Appendage        Tmut           0%         N/A       36%         1
 Kiss of Death            Conj/Necr      0%         2d5       36%         1
 Wereblood                Tmut           0%         N/A       52%         2
 Confusing Touch          Hex            0%         N/A       75%         3
 Spider Form              Tmut/Pois      0%         N/A       75%         3
 Dispel Undead            Necr           0%         3d6       98%         4

Inventory:

Hand Weapons
 a - a +2 sling (weapon)
 b - a +0 short sword
Missiles
 h - 8 poisoned darts
Armour
 e - a +0 leather armour (worn)
Magical Staves
 n - a staff of death
Jewellery
 C - a ring of ice
 F - a ring of fire
Wands
 x - a wand of paralysis (9)
Scrolls
 d - 2 scrolls of fear
 f - 3 scrolls of teleportation {@r4}
 i - 2 scrolls of blinking
 l - a scroll of amnesia
 t - a scroll of enchant armour
 v - a scroll of enchant weapon {unknown}
Potions
 c - a potion of magic {unknown}
 g - 2 potions of heal wounds {@q2}
 j - 3 potions of invisibility {unknown}
 k - a potion of brilliance {unknown}
 m - 2 potions of curing {unknown}
 o - 2 potions of experience {unknown}
 q - a potion of resistance {unknown}
 r - 3 potions of haste {@q3}
 s - a potion of lignification {unknown}
 u - 2 potions of attraction {unknown}
 w - 2 potions of degeneration {unknown}

Dungeon Overview and Level Annotations

Branches:
Dungeon (5/15)              Sewer (visited)
 Temple: D:4-7

Altars:
Ashenzari
Qazlal

Shops:
D:1 =   D:4 **

Annotations:
D:3 thecarrot's ghost, amateur DEFE
D:5 Dowan

#..<# #. #.### ..
#.# .# #.# . #.#
#. #e#
..###.##### #.#
.)....(...#####e#
........#(.@).(.#
#.....#.#########
..... #<. #...
##.# ##. .# # .#
##


You could see Dowan (fast, poisoned, slow).


Message History

* * * LOW HITPOINT WARNING * * *
Unknown command.
Unknown command.
You shoot a sling bullet. The sling bullet hits Duvessa.
Duvessa is almost dead.
Dowan says, "Magic and the sword, together, will defeat you."
Dowan mumbles some strange words.
Dowan blinks!
Duvessa hits you with a +0 short sword!
* * * LOW HITPOINT WARNING * * *
Unknown command.
You shoot a sling bullet. The sling bullet hits Duvessa.
Duvessa is almost dead.
Duvessa closely misses you.
Unknown command.
You shoot a sling bullet.
The sling bullet hits Duvessa but does no damage.
Duvessa is almost dead.
Duvessa hits you with a +0 short sword.
* * * LOW HITPOINT WARNING * * *
Unknown command.
You kill Duvessa!
Dowan screams, "No!
No!"
Dowan seems to find hidden reserves of power!
Your Stealth skill increases to level 5!
You see here a curare-tipped dart {=f}.
Unknown command.
Items here: ! ( ) [.
Dowan points at you and mumbles some strange words.
The stone arrow hits you!
You die...

Skill      XL: |  1  2  3  4  5  6  7  8 |
---------------+-------------------------+-----
Ranged Weapons | 2 3 4 5 |  5.5
Stealth        | 1 2 3 4 5 |  5.0
Evocations     | 3 4 |  4.5
Fighting       | 2 3 |  3.8
Throwing       | 1 2 |  2.4
Short Blades   | |  1.0
Armour         | |  1.5
Dodging        | |  1.0

Action                     |  1- 3 |  4- 6 |  7- 9 || total
---------------------------+-------+-------+-------++-------
  Melee: Sling             |       |     1 |       ||     1
   Fire: Sling             |    75 |   157 |   147 ||   379
  Throw: Dart              |       |     6 |    31 ||    37
  Evoke: Wand              |       |     7 |       ||     7
    Use: Potion            |       |     1 |       ||     1
         Scroll            |       |     2 |     3 ||     5
 Armour: Leather armour    |     7 |    36 |    12 ||    55
  Dodge: Dodged            |    12 |    82 |    45 ||   139

Levels and vault maps discovered:
D:1:      lemuel_arrival_cross, layout_loops_ring,
          dreamdust_ecumenical_altar_drowned_temple, serial_shops,
          nicolae_shop_stone, minmay_close_crescents
D:2:      minmay_roachtagon, layout_rooms, minmay_misc_feat_rugged,
          uniq_jessica, uniq_natasha
D:3:      layout_basic, general_overflow_altar, gammafunk_ghost_cemetery,
          gup_sewer_entry_pipe
D:4:      layout_rooms, nicolae_qazlal_style_of_elements,
          nicolae_inconvenience_store, minmay_shop_mass, uniq_sigmund
D:5:      layout_basic, minmay_ruined_shrine, uniq_duvessa, uniq_ijyb

Notes
Turn   | Place    | Note
-------+----------+-------------------------------------------
     0 | D:1      | Jeffwins the Vine Stalker Wanderer began the quest for the
                  | Orb.
     0 | D:1      | Jeffwins set off with the following items: a +2 sling, a +0
                  | short sword, a wand of flame (7), a scroll of fear, a +0
                  | leather armour.
     0 | D:1      | Reached XP level 1. HP: 10/10 MP: 2/2
    31 | D:1      | Reached skill level 2 in Ranged Weapons
    39 | D:1      | Reached XP level 2. HP: 14/14 MP: 3/3
    45 | D:1      | Found Wuodagg's Jewellery Boutique.
    74 | D:1      | Reached skill level 1 in Stealth
    98 | D:1      | Found a faded altar of an unknown god.
   381 | D:1      | Reached XP level 3. HP: 18/18 MP: 4/4
   675 | D:2      | Reached skill level 3 in Evocations
   795 | D:2      | Noticed Jessica
   799 | D:2      | Killed Jessica
   800 | D:2      | Reached skill level 2 in Stealth
   800 | D:2      | Gained mutation: Your natural rate of healing is unusually
                  | fast. [Vine Stalker growth]
   800 | D:2      | Reached XP level 4. HP: 23/23 MP: 5/5
   806 | D:2      | Noticed Natasha
   811 | D:2      | HP: 2/23 [Natasha (7)]
   813 | D:2      | Killed Natasha
   895 | D:2      | Reached skill level 3 in Ranged Weapons
  1017 | D:2      | Reached skill level 2 in Fighting
  1151 | D:3      | Reached XP level 5. HP: 26/26 MP: 6/6
  1441 | D:3      | Found a glowing drain.
  1463 | Sewer    | Entered a sewer
  1491 | Sewer    | Noticed a kobold brigand
  1501 | Sewer    | Killed a kobold brigand
  1502 | Sewer    | Reached skill level 3 in Stealth
  1502 | Sewer    | Reached XP level 6. HP: 30/31 MP: 4/7
  1709 | Sewer    | Reached skill level 4 in Ranged Weapons
  1778 | Sewer    | Reached XP level 7. HP: 17/35 MP: 2/8
  1851 | Sewer    | Reached skill level 3 in Fighting
  1851 | Sewer    | Reached skill level 1 in Throwing
  1851 | Sewer    | Reached skill level 4 in Evocations
  2038 | D:3      | Found a runed translucent gate.
  2038 | D:3      | Found a runed translucent gate.
  2038 | D:3      | Found a runed translucent gate.
  2039 | D:3      | Noticed thecarrot's ghost (amateur DEFE)
  2040 | D:3      | Noticed Esekla's ghost (amateur OpDe)
  2111 | D:3      | Found a broken altar of Ashenzari.
  2217 | D:3      | Reached skill level 4 in Stealth
  2840 | D:3      | Killed Esekla's ghost
  2963 | D:4      | Reached skill level 5 in Ranged Weapons
  2963 | D:4      | Gained mutation: You have razor-sharp teeth. [Vine Stalker
                  | growth]
  2963 | D:4      | Reached XP level 8. HP: 11/40 MP: 2/9
  3044 | D:4      | Found Puaniwui's Assorted Antiques.
  3065 | D:4      | Noticed Sigmund
  3091 | D:4      | Killed Sigmund
  3092 | D:4      | Reached skill level 2 in Throwing
  3128 | D:4      | Noticed an air elemental
  3130 | D:4      | Found a stormy altar of Qazlal.
  3302 | D:4      | Found Eplank's Mass Market.
  3362 | D:4      | Noticed a water elemental
  3556 | D:5      | Entered Level 5 of the Dungeon
  3582 | D:5      | Noticed Dowan
  3583 | D:5      | Noticed Duvessa
  3603 | D:5      | Killed Duvessa
  3604 | D:5      | Reached skill level 5 in Stealth
  3606 | D:5      | Killed from afar by Dowan

Vanquished Creatures
  Sigmund (D:4)
  The ghost of Esekla the Covert, an amateur OpDe of Gozag (D:3)
  Duvessa (D:5)
  An ogre (D:4)
  5 kobold brigands (Sewer)
  An orc priest (D:3)
  Jessica (D:2)
  Natasha (D:2)
  2 orc wizards
  6 adders
  An ufetubus (D:4)
  A dart slug (D:1)
  12 orcs
  5 ball pythons
  6 endoplasms
  16 giant cockroaches
  6 goblins
  5 hobgoblins
  2 jackals (D:4)
  13 kobolds
  9 quokkas
  9 bats
  5 frilled lizards
  6 rats
  A spectral kobold (D:1)
117 creatures vanquished.

Table legend: (Time is in decaauts)
 A = Elapsed time spent in this place.
 B = Non-inter-level travel time spent in this place.
 C = Inter-level travel time spent in this place.
 D = Time resting spent in this place.
 E = Time spent auto-exploring this place.
 F = Levels seen in this place.
 G = Mean time per level.
                   A        B        C        D        E       F      G
               +--------+--------+--------+--------+--------+-----+--------+
         Total |   3764 |   3666 |     98 |    115 |   2589 |   6 |  627.3 |
       Dungeon |   3166 |   3068 |     98 |     76 |   2267 |   5 |  633.2 |
         Sewer |    598 |    598 |      0 |     39 |    321 |   1 |  598.0 |
               +--------+--------+--------+--------+--------+-----+--------+

Top non-repeatable levels by time:
     D:3: 1239 daAuts
     D:4: 640 daAuts
     D:1: 635 daAuts
     D:2: 600 daAuts
   Sewer: 598 daAuts
     D:5: 50 daAuts

Table legend:
 A = Non-vault XP
 B = Vault XP
 C = Vault XP percentage of total XP
 D = Non-vault monster count
 E = Vault monster count
 F = Vault count percentage of total count
                 A         B        C        D         E       F
            +---------+---------+-------+---------+---------+-------
      Total |     444 |    1184 |  72.7 |      71 |      46 |  39.3
            +---------+---------+-------+---------+---------+-------
        D:1 |      38 |       6 |  13.6 |      22 |       4 |  15.4
        D:2 |      65 |      91 |  58.3 |      12 |      11 |  47.8
        D:3 |     169 |     189 |  52.8 |      23 |       9 |  28.1
        D:4 |     159 |     231 |  59.2 |      13 |       1 |   7.1
        D:5 |      13 |     154 |  92.2 |       1 |       1 |  50.0
      Sewer |       0 |     513 | 100.0 |       0 |      20 | 100.0
            +---------+---------+-------+---------+---------+-------
